[Event "ICCopen2017"]
[Site "Internet Chess Club"]
[Date "2017.03.19"]
[Round "9"]
[White "Atlantis75"]
[Black "Paganini2"]
[Result "1-0"]
[ICCResult "Black checkmated"]
[WhiteElo "1880"]
[BlackElo "1448"]
[Opening "Queen's pawn game"]
[ECO "D02"]
[NIC "QP.08"]
[Time "20:48:55"]
[TimeControl "180+0"]

1. d4 d5 2. Nf3 c6 3. c3 Bg4 4. Qb3 Bc8 5. Nbd2 Nf6 6. e3 e6 7. Bd3 Bd6 8.
h3 O-O 9. O-O Re8 10. e4 e5 11. exd5 cxd5 12. dxe5 Bxe5 13. Nxe5 Rxe5 14.
Nf3 Re8 15. Bg5 Be6 16. Nd4 Qd7 17. Bxf6 gxf6 18. Qc2 f5 19. Nxf5 Nc6 20.
Nh6+ Kg7 21. Nf5+ Kh8 22. Ne3 Rg8 23. Kh2 Qd6+ 24. f4 Rg7 25. Rf2 Rag8 26.
Rg1 d4 27. Nc4 Qc7 28. b3 b5 29. Nd2 Qb8 30. Ne4 Bf5 31. Nf6 Rd8 32. Bxf5 d3
33. Bxd3 Rd6 34. Nxh7 Rh6 35. Kh1 Qb6 36. Ng5 Ne7 37. c4 Qf6 38. cxb5 Nd5
39. Qc8+ Rg8 40. Qd7 Ne3 41. Nxf7+ Kg7 42. Nxh6+ Kh8 43. Qh7# {Black
checkmated} 1-0

[Event "ICCopen2017"]
[Site "Internet Chess Club"]
[Date "2017.03.19"]
[Round "9"]
[White "Magagna"]
[Black "MrWizard"]
[Result "0-1"]
[ICCResult "White forfeits on time"]
[WhiteElo "1624"]
[BlackElo "2007"]
[Opening "Queen's pawn game"]
[ECO "D04"]
[NIC "QP.08"]
[Time "20:49:08"]
[TimeControl "180+0"]

1. d4 d5 2. Nf3 Nf6 3. e3 Bf5 4. Bd3 Bxd3 5. Qxd3 e6 6. O-O Be7 7. Qb3 Qc8
8. Nbd2 O-O 9. Re1 c5 10. c4 Nc6 11. cxd5 exd5 12. dxc5 Bxc5 13. Qc2 Bb6 14.
Nb3 Ne4 15. Bd2 Qe6 16. Bc3 Rac8 17. Rac1 Nxc3 18. Qxc3 h6 19. Qd2 Rfd8 20.
Red1 Ne7 21. Nbd4 Qg6 22. h3 Rc4 23. Ne5 Qe4 24. Nxc4 dxc4 25. Qc2 Qh4 26.
Qxc4 Rc8 27. Qb5 Rxc1 28. Rxc1 Bxd4 29. Qe8+ Kh7 30. exd4 Ng6 31. Qe3 Nf4
32. Kf1 Qf6 33. Qe4+ g6 34. d5 Qd6 35. Rd1 Kg7 36. g3 Qa6+ 37. Kg1 Nh5 38.
Qd4+ Nf6 39. d6 Qc6 40. d7 Qxd7 41. Qxd7 Nxd7 42. Rxd7 Kf6 43. Rxb7 a6 44.
Ra7 a5 45. Ra6+ Kg5 46. Rxa5+ f5 47. b4 Kf6 48. b5 Ke5 49. b6+ Kd6 50. b7
Kc7 51. Rb5 Kb8 52. Rc5 h5 53. a3 Kxb7 54. f3 Kb6 55. Rc3 Kb5 56. Rc1 Ka4
57. Rb1 Kxa3 {White forfeits on time} 0-1

[Event "ICCopen2017"]
[Site "Internet Chess Club"]
[Date "2017.03.19"]
[Round "9"]
[White "TrendFriend"]
[Black "Spirals"]
[Result "0-1"]
[ICCResult "White forfeits on time"]
[WhiteElo "2411"]
[BlackElo "2186"]
[Opening "Sicilian"]
[ECO "B50"]
[NIC "SI.01"]
[Time "20:49:35"]
[TimeControl "180+0"]

1. e4 c5 2. Nf3 d6 3. Nc3 e5 4. Bc4 Be7 5. d3 Nc6 6. O-O Nf6 7. Ng5 O-O 8.
f4 h6 9. Nf3 Bg4 10. h3 Bxf3 11. Qxf3 Nd4 12. Qf2 a6 13. fxe5 dxe5 14. Nd5
b5 15. Nxf6+ Bxf6 16. Bd5 Rb8 17. c3 Ne6 18. Be3 Bg5 19. Bxc5 Nxc5 20. Qxc5
Bf4 21. Qf2 Qg5 22. Kh1 g6 23. Rae1 Bg3 24. Qf3 Bxe1 25. Rxe1 Rb6 26. Rf1
Kg7 27. d4 Rf6 28. Qe2 Rxf1+ 29. Qxf1 Qf4 30. Qd3 h5 31. a3 f5 32. dxe5 Qxe5
33. exf5 Rxf5 34. Bf3 Rf7 35. Qd2 Re7 36. Qd8 Qe1+ 37. Kh2 Qe5+ 38. Kh1 Qf6
39. Qd2 Qe5 40. Qd8 h4 41. Qd2 Qe1+ 42. Qxe1 Rxe1+ 43. Kh2 Rb1 44. b4 Rb3
45. Bb7 Rxc3 46. Bxa6 Rxa3 47. Bxb5 Rb3 48. Bd7 Rxb4 49. Bg4 g5 50. Be6 Rb2
51. Bg4 Kf6 52. Bc8 Ke5 53. Bg4 Kf4 54. Bc8 Rb4 55. Bd7 Ke3 56. Bc6 Kf2 57.
Bf3 Rb1 58. Bd5 Re1 59. Bf3 Re3 60. Bd5 Rg3 61. Be4 Re3 62. Bd5 Rd3 63. Bc6
Rc3 64. Bd5 Ra3 65. Be4 Ke3 66. Bf3 Kf4 67. Bd5 g4 68. hxg4 Kxg4
{White forfeits on time}
0-1

[Event "ICCopen2017"]
[Site "Internet Chess Club"]
[Date "2017.03.19"]
[Round "9"]
[White "ChessOlympian"]
[Black "mijail58"]
[Result "1-0"]
[ICCResult "Black checkmated"]
[WhiteElo "1737"]
[BlackElo "1481"]
[Opening "Caro-Kann: closed (Breyer) variation"]
[ECO "B10"]
[NIC "CK.01"]
[Time "20:50:10"]
[TimeControl "180+0"]

1. e4 c6 2. d3 d5 3. Nd2 e5 4. Ngf3 Bd6 5. g3 Nf6 6. Bg2 Bg4 7. O-O d4 8.
Nc4 Bc7 9. h3 Be6 10. Ncxe5 O-O 11. b3 Na6 12. Bb2 c5 13. Nc4 b5 14. Ncd2
Rc8 15. Ng5 Bd7 16. f4 h6 17. Ngf3 Nh5 18. Qe1 Nxf4 19. gxf4 Bxf4 20. Kh1
Rc6 21. Nh2 Qc7 22. Ndf3 Nb4 23. Qe2 g5 24. a3 Na6 25. Bc1 Bg3 26. Rg1 Rg6
27. Nf1 Bf4 28. Bxf4 Qxf4 29. N3h2 Nc7 30. Qf3 Qd6 31. Ng3 f5 32. exf5 Bxf5
33. Nxf5 Qf6 34. Raf1 g4 35. Nxg4 Rxg4 36. Qxg4+ Kh8 37. Nh4 Qg7 38. Ng6+
Kh7 39. Nxf8+ Kh8 40. Qxg7+ Kxg7 41. Bc6+ Kh8 42. Bd7 Ne8 43. Be6 Nf6 44.
Rxf6 c4 45. Rg8# {Black checkmated} 1-0

[Event "ICCopen2017"]
[Site "Internet Chess Club"]
[Date "2017.03.19"]
[Round "9"]
[White "cloak1"]
[Black "playwaycool"]
[Result "0-1"]
[ICCResult "White checkmated"]
[WhiteElo "1878"]
[BlackElo "2257"]
[Opening "QGD semi-Slav: anti-Meran gambit"]
[ECO "D44"]
[NIC "SL.07"]
[Time "20:49:27"]
[TimeControl "180+0"]

1. d4 d5 2. c4 c6 3. Nf3 Nf6 4. Nc3 e6 5. Bg5 dxc4 6. e4 b5 7. e5 h6 8. Bh4
g5 9. Nxg5 hxg5 10. Bxg5 Nbd7 11. exf6 Bb7 12. a3 Qb6 13. Be3 c5 14. dxc5
Bxc5 15. Bxc5 Nxc5 16. f3 Rd8 17. Qc2 Nd3+ 18. Bxd3 Rxd3 19. Rd1 Qe3+ 20.
Qe2 Rxd1+ 21. Nxd1 Qd4 22. Nc3 a6 23. Qd2 Qxf6 24. Kf2 Qe5 25. g3 O-O 26.
Re1 Qf6 27. Re3 Rd8 28. Qe2 Qd4 29. Ne4 Bxe4 30. fxe4 a5 31. Qg4+ Kf8 32.
Qe2 b4 33. axb4 axb4 34. Kf3 c3 35. bxc3 bxc3 36. Qc2 Qf6+ 37. Kg4 Rc8 38.
e5 Qg7+ 39. Kf3 Qg6 40. Re2 Qg5 41. Re3 Qg6 42. Re2 Qg7 43. Re3 Qg6 44. Re2
Qh5+ 45. Kg2 Qg4 46. Kf2 Rc4 47. Kg1 Qd4+ 48. Rf2 Rb4 49. Qh7 Qd1+ 50. Rf1
Qd4+ 51. Rf2 Qd1+ 52. Rf1 Qd4+ 53. Rf2 Rb7 54. Qh8+ Ke7 55. Qf6+ Ke8 56.
Qh8+ Kd7 57. Qf6 Rb1+ 58. Kg2 Qe4+ 59. Kh3 Qh7+ 60. Kg2 Rb2 61. Qf3 Rxf2+
62. Qxf2 c2 63. Qd2+ Ke8 64. Qc3 Qe4+ 65. Kh3 Kf8 66. Qc8+ Kg7 67. Qc7 Kg6
68. Qc8 Qf5+ 69. Kg2 Kg7 70. g4 Qe4+ 71. Kg3 Qe3+ 72. Kh4 c1=Q 73. Qd8 Qh6+
74. Kg3 Qce3+ 75. Kg2 Qhf4 76. Qf6+ Qxf6 77. exf6+ Kxf6 78. g5+ Ke5 79. Kh1
Kf4 80. Kg2 Qe2+ 81. Kh3 Qg4# {White checkmated} 0-1

[Event "ICCopen2017"]
[Site "Internet Chess Club"]
[Date "2017.03.19"]
[Round "9"]
[White "CaptEvans"]
[Black "knightspirit"]
[Result "1-0"]
[ICCResult "Black forfeits on time"]
[WhiteElo "1648"]
[BlackElo "1298"]
[Opening "Evans gambit"]
[ECO "C52"]
[NIC "IG.05"]
[Time "20:49:41"]
[TimeControl "180+0"]

1. e4 e5 2. Nf3 Nc6 3. Bc4 Bc5 4. b4 Bxb4 5. c3 Ba5 6. d4 exd4 7. O-O d6 8.
cxd4 Nge7 9. Bd2 Bb6 10. Bc3 Na5 11. Bd3 Bg4 12. h3 Bh5 13. Nbd2 Qd7 14. Qc2
O-O-O 15. Nb3 Nac6 16. Ng5 h6 17. Nf3 Bxf3 18. gxf3 Qxh3 19. f4 g5 20. f3
gxf4 21. Kf2 Rdg8 22. Ke2 Rg2+ 23. Rf2 Rhg8 24. Rf1 Qh2 25. Ke1 Rxf2 26.
Rxf2 Rg1+ 27. Rf1 Qg3+ 28. Kd1 Qxf3+ 29. Ke1 Qg3+ 30. Qf2 Rxf1+ 31. Kxf1
Qxf2+ 32. Kxf2 Ng6 33. Kf3 h5 34. Bf1 h4 35. Bh3+ Kd8 36. Bf5 Ke7 37. Bxg6
fxg6 38. Kxf4 Kf6 39. Kg4 {Black forfeits on time} 1-0

[Event "ICCopen2017"]
[Site "Internet Chess Club"]
[Date "2017.03.19"]
[Round "9"]
[White "Kyekerz"]
[Black "ROWLAND"]
[Result "0-1"]
[ICCResult "White forfeits on time"]
[WhiteElo "1138"]
[BlackElo "1467"]
[Opening "Philidor: exchange variation"]
[ECO "C41"]
[NIC "KP.08"]
[Time "20:50:01"]
[TimeControl "180+0"]

1. e4 e5 2. Nf3 d6 3. d4 exd4 4. Nxd4 Nf6 5. Nc3 Be7 6. Bc4 O-O 7. O-O Nxe4
8. Nxe4 d5 9. Bxd5 Qxd5 10. Re1 c5 11. Nb3 Qxd1 12. Rxd1 b6 13. c4 Nc6 14.
Be3 Be6 15. Rd2 Bxc4 16. Rad1 Rad8 17. Nc1 Rxd2 18. Rxd2 Rd8 19. b3 Ba6 20.
h3 Rxd2 21. Nxd2 Bf6 22. Bf4 Bb7 23. Nc4 Nd4 24. Bb8 Nc6 25. Bf4 Bd8 26. Nd3
a6 27. Nde5 Nxe5 28. Bxe5 b5 29. Nd6 Bc6 30. Nc8 c4 31. bxc4 bxc4 32. Na7
Bd7 33. Bd4 c3 34. Bxc3 Bb6 35. Nb5 Bxb5 36. Kh2 a5 37. Kg3 a4 38. Kf3 Bc5
{White forfeits on time}
0-1

[Event "ICCopen2017"]
[Site "Internet Chess Club"]
[Date "2017.03.19"]
[Round "9"]
[White "leole51"]
[Black "egyptiantiger"]
[Result "1-0"]
[ICCResult "Black forfeits on time"]
[WhiteElo "1663"]
[BlackElo "1802"]
[Opening "Sicilian: Labourdonnais-Löwenthal (Kalashnikov) variation"]
[ECO "B32"]
[NIC "SI.32"]
[Time "20:48:40"]
[TimeControl "180+0"]

1. e4 c5 2. Nf3 Nc6 3. d4 cxd4 4. Nxd4 e5 5. Nb5 d6 6. c4 Be7 7. N1c3 a6 8.
Na3 f5 9. exf5 Bxf5 10. Bd3 Be6 11. Nc2 Nf6 12. Ne3 O-O 13. O-O Qd7 14. Ned5
Rae8 15. Bg5 Bd8 16. Bxf6 Bxf6 17. Qh5 g6 18. Qd1 Bg7 19. Be4 Nd4 20. Ne2 b5
21. Nxd4 exd4 22. Qd3 bxc4 23. Qxc4 Kh8 24. Qxa6 Qf7 25. Nb4 Qf4 26. Qd3 Bg4
27. Rae1 Be5 28. g3 Qh6 29. f4 Bg7 30. Nd5 Bh3 31. Bg2 Bxg2 32. Kxg2 Qh5 33.
Qf3 Qf5 34. Ne7 Qd7 35. Nd5 Qf5 36. Ne7 Qf7 37. Nc6 Qxa2 38. Rxe8 Rxe8 39.
Rf2 Qb1 40. Qg4 Qf5 41. Qxf5 gxf5 42. Rd2 Re4 43. Kf3 Re3+ 44. Kf2 Rb3 45.
Nxd4 Rb6 46. Ne6 Rxb2 47. Rxb2 Bxb2 48. Ke2 Kg8 49. h3 Kf7 50. Ng5+ Kg6 51.
Kd3 Bh8 52. Nf3 h6 53. g4 h5 54. gxh5+ {Black forfeits on time} 1-0

[Event "ICCopen2017"]
[Site "Internet Chess Club"]
[Date "2017.03.19"]
[Round "9"]
[White "UnderArmour"]
[Black "MichailovM"]
[Result "0-1"]
[ICCResult "White checkmated"]
[WhiteElo "1905"]
[BlackElo "2181"]
[Opening "Sicilian: Canal-Sokolsky attack, 3...Bd7"]
[ECO "B52"]
[NIC "SI.01"]
[Time "20:49:19"]
[TimeControl "180+0"]

1. e4 c5 2. Nf3 d6 3. Bb5+ Bd7 4. Bxd7+ Nxd7 5. O-O Ngf6 6. Re1 e5 7. c3 Be7
8. d4 O-O 9. dxe5 Nxe5 10. Nxe5 dxe5 11. Qe2 a6 12. Nd2 b5 13. Nf1 c4 14. f3
Qc7 15. Be3 Rab8 16. Ng3 g6 17. Bh6 Rfd8 18. Rad1 b4 19. cxb4 Rxb4 20. Rxd8+
Qxd8 21. Rd1 Qb6+ 22. Be3 Qb7 23. h4 Rxb2 24. Qxc4 Qb5 25. Qc8+ Kg7 26. h5
Nxh5 27. Nxh5+ gxh5 28. Qf5 Rb1 29. Rxb1 Qxb1+ 30. Kh2 Qb8 31. Qxh5 Qd6 32.
Qg4+ Qg6 33. Qc8 Bh4 34. Qc5 Bg3+ 35. Kg1 Qh5 36. Kf1 Qh1+ 37. Bg1 h5 38.
Qe7 Bf4 39. Qd6 h4 40. Qxa6 Be3 41. Ke2 Qxg1 42. Qa5 Qf2+ 43. Kd3 Bd4 44.
Qd8 Qe3+ 45. Kc4 Qc3+ 46. Kb5 Qc5+ 47. Ka4 Qc4+ 48. Ka3 Bc5+ 49. Kb2 Qd4+
50. Qxd4 Bxd4+ 51. Kb3 Kg6 52. Kc4 Kg5 53. a4 Kf4 54. a5 Kg3 55. a6 Kxg2 56.
a7 Bxa7 57. Kd5 Bd4 58. f4 h3 59. f5 h2 60. f6 h1=Q 61. Kd6 Qd1 62. Ke7 Qe2
63. Kxf7 Qxe4 64. Ke7 Qf5 65. f7 e4 66. f8=Q Bc5+ 67. Kd8 Qxf8+ 68. Kc7 e3
69. Kd7 e2 70. Kc6 e1=Q 71. Kd7 Qd2+ 72. Kc6 Qc8+ 73. Kb5 Qb4#
{White checkmated}
0-1

[Event "ICCopen2017"]
[Site "Internet Chess Club"]
[Date "2017.03.19"]
[Round "9"]
[White "Dewey"]
[Black "bythebook"]
[Result "1-0"]
[ICCResult "Black forfeits on time"]
[WhiteElo "1416"]
[BlackElo "1549"]
[Opening "Richter-Veresov attack"]
[ECO "D01"]
[NIC "QP.07"]
[Time "20:50:03"]
[TimeControl "180+0"]

1. d4 Nf6 2. Nc3 d5 3. Bg5 g6 4. Nf3 Bg7 5. e3 Bf5 6. Bd3 Bxd3 7. Qxd3 c6 8.
O-O O-O 9. h3 Nbd7 10. Ne5 Nxe5 11. dxe5 Nd7 12. f4 Re8 13. Rae1 Qb6 14. b3
Nc5 15. Qd1 Ne6 16. Bh4 Rad8 17. Na4 Qc7 18. Qd3 b5 19. Nb2 a6 20. Nd1 Nc5
21. Qc3 Ne4 22. Qb2 e6 23. Nc3 Rd7 24. Nxe4 dxe4 25. Rd1 Bf8 26. Qc1 Bc5 27.
Rxd7 Qxd7 28. Rd1 Bxe3+ 29. Qxe3 Qxd1+ 30. Be1 Rd8 31. Kf2 Qd4 32. Qxd4 Rxd4
33. Ke3 Rd1 34. Bc3 Rg1 35. Kxe4 Rxg2 36. Kd3 Rh2 37. h4 Rxh4 38. Ke4 Rh2
39. Kd3 Rh3+ 40. Kd2 Rxc3 41. Kxc3 h5 42. Kd3 Kg7 43. Ke3 Kh6 44. Kf3 g5 45.
fxg5+ Kxg5 46. Kg3 Kf5 47. c3 Kxe5 48. Kf3 Kd5 49. Kf4 h4 50. Kg4 h3 51.
Kxh3 Ke4 52. Kg3 Kd3 53. c4 Kc3 54. cxb5 cxb5 55. Kf3 Kb4 56. Ke3 Ka3 57.
Kd3 Kxa2 58. Kc3 {Black forfeits on time} 1-0

[Event "ICCopen2017"]
[Site "Internet Chess Club"]
[Date "2017.03.19"]
[Round "9"]
[White "giovana64"]
[Black "FytinFrank"]
[Result "0-1"]
[ICCResult "White forfeits on time"]
[WhiteElo "1534"]
[BlackElo "1865"]
[Opening "Queen's pawn"]
[ECO "A40"]
[NIC "QO.17"]
[Time "20:49:18"]
[TimeControl "180+0"]

1. d4 c6 2. c4 f5 3. Nf3 Nf6 4. g3 e6 5. Bg2 d5 6. O-O Bd6 7. b3 O-O 8. Ba3
Bxa3 9. Nxa3 b6 10. Nb1 Ba6 11. Qc2 Nbd7 12. e3 Rc8 13. Nbd2 c5 14. dxc5
Nxc5 15. Rfd1 Qe7 16. Rac1 Nce4 17. Nxe4 fxe4 18. Nd4 dxc4 19. bxc4 Rxc4 20.
Qxc4 Bxc4 21. Rxc4 e5 22. Nf5 Qe6 23. Nd6 Rd8 24. Rc6 Qxa2 25. Rdc1 h6 26.
Bh3 g5 27. Nxe4 Nxe4 28. Be6+ Qxe6 29. Rxe6 Nd2 30. Kg2 e4 31. Rd1 Kg7 32.
Rc6 Rd3 33. Rc7+ Kg6 34. Rxa7 b5 35. Rb7 Rd5 36. g4 h5 37. Rb6+ Kg7 38. gxh5
g4 39. h6+ Kh7 40. Kg3 Kh8 41. Kxg4 Kh7 42. h4 Rd3 43. Kf4 Rd5 44. Rg1 Rd7
45. Rxb5 Kxh6 46. Rb6+ Kh7 47. Rd1 Rf7+ 48. Kg4 Rxf2 49. Rd6 Rg2+ 50. Kf4
Rf2+ 51. Kg5 Nf3+ 52. Kh5 Ne5 53. Rh6+ Kg7 54. Rg1+ Kf7 55. Rg5 Nf3 56. Rh8
Nxg5 57. Kxg5 Rg2+ 58. Kh5 Rg7 59. Rh6 Rg3 60. Ra6 Rxe3 61. Ra7+ Ke6 62. Kg4
Rf3 63. Ra6+ Kd5 64. h5 Kd4 65. Ra5 e3 66. Ra2 Rf2 67. Ra4+ Kd3 68. Kg3 Ke2
69. Rd4 Kf1 70. Rd3 e2 71. Re3 e1=Q 72. Rxe1+ Kxe1 73. h6 Rf1 74. h7 Rh1 75.
Kg4 Rxh7 76. Kf5 Rh8 {White forfeits on time} 0-1

[Event "ICCopen2017"]
[Site "Internet Chess Club"]
[Date "2017.03.19"]
[Round "9"]
[White "AbasovN"]
[Black "BlackHorse96"]
[Result "1-0"]
[ICCResult "Black resigns"]
[WhiteElo "3174"]
[BlackElo "3082"]
[Opening "Robatsch defense"]
[ECO "B06"]
[NIC "KF.05"]
[Time "20:49:50"]
[TimeControl "180+0"]

1. e4 g6 2. d4 Bg7 3. Nc3 a6 4. a4 d6 5. Nf3 Nc6 6. h3 e5 7. dxe5 Nxe5 8.
Nxe5 Bxe5 9. Be2 Ne7 10. O-O O-O 11. Bh6 Re8 12. f4 Bxc3 13. bxc3 Nc6 14.
Bg5 f6 15. Bh4 Qe7 16. Bd3 Qf7 17. Kh1 f5 18. Qf3 fxe4 19. Bxe4 Bf5 20. Bd5
Be6 21. Bxe6 Rxe6 22. Rab1 Rae8 23. Rxb7 Na5 24. Rbb1 Re3 25. Qg4 Nc4 26.
Rbe1 Qf5 27. Qd1 c5 28. Qb1 Rxh3+ 29. Kg1 Rhe3 30. Qb3 d5 31. Rxe3 Nxe3 32.
Re1 Qg4 33. Rxe3 Rxe3 34. Qb8+ Qc8 35. Qxc8+ Kg7 36. Qd7+ Kf8 37. Bf6 Re4
38. Kh2 h5 39. Kg3 d4 40. Kh4 d3 41. cxd3 Rxf4+ 42. Kg5 Rg4+ 43. Kh6 c4 44.
Qe7+ {Black resigns} 1-0

[Event "ICCopen2017"]
[Site "Internet Chess Club"]
[Date "2017.03.19"]
[Round "9"]
[White "mirpele-murpele"]
[Black "Falstaf"]
[Result "1-0"]
[ICCResult "Black checkmated"]
[WhiteElo "2640"]
[BlackElo "2911"]
[Opening "Ruy Lopez: modern Steinitz defense, Alapin variation"]
[ECO "C73"]
[NIC "RL.10"]
[Time "20:49:28"]
[TimeControl "180+0"]

1. e4 e5 2. Nf3 Nc6 3. Bb5 a6 4. Ba4 d6 5. Bxc6+ bxc6 6. d4 f6 7. Nc3 Ne7 8.
Qd3 Be6 9. dxe5 fxe5 10. Ng5 Bg8 11. Qh3 Qd7 12. Qxd7+ Kxd7 13. Be3 Ng6 14.
O-O-O Be7 15. h4 Rf8 16. Nf3 Nf4 17. Nxe5+ Ke6 18. Nxc6 Nxg2 19. Nxe7 Nxe3
20. Ng6 hxg6 21. fxe3 c6 22. Ne2 Ke5 23. Nf4 Rf6 24. Rdg1 Bf7 25. Rg4 a5 26.
a4 Rh6 27. Nd3+ Ke6 28. Rg5 c5 29. e5 Rf5 30. Rxf5 gxf5 31. exd6 Kxd6 32.
Rf1 Be6 33. Rf4 c4 34. Ne1 Bd5 35. Kd2 Ke5 36. Kc3 Rg6 37. b3 cxb3 38. cxb3
Rg1 39. Nd3+ Kd6 40. Rxf5 Rh1 41. h5 Be4 42. Rxa5 Rd1 43. Nf2 Rc1+ 44. Kd4
Bc2 45. Rc5 Rb1 46. Rxc2 Rxb3 47. Nd3 Ke7 48. Rc6 Ra3 49. Ra6 Ra1 50. e4 Kd7
51. a5 Kc7 52. Rg6 Kb7 53. Rxg7+ Ka6 54. h6 Kxa5 55. h7 Kb5 56. h8=Q Ra4+
57. Ke3 Ra8 58. Qxa8 Kc4 59. Rc7+ Kb3 60. Qb8+ Ka2 61. Ra7# {Black
checkmated} 1-0

[Event "ICCopen2017"]
[Site "Internet Chess Club"]
[Date "2017.03.19"]
[Round "9"]
[White "Anneay"]
[Black "MDRAFE3"]
[Result "0-1"]
[ICCResult "White resigns"]
[WhiteElo "2440"]
[BlackElo "1975"]
[Opening "Sicilian: Anderssen variation"]
[ECO "B41"]
[NIC "SI.41"]
[Time "20:49:36"]
[TimeControl "180+0"]

1. e4 c5 2. Nf3 e6 3. d4 cxd4 4. Nxd4 Nf6 5. Nc3 Nc6 6. Be3 Bb4 7. Bd3 d5 8.
Nxc6 bxc6 9. exd5 Nxd5 10. Bd2 Nxc3 11. bxc3 Be7 12. O-O O-O 13. Rb1 Bf6 14.
c4 e5 15. Be3 Be6 16. Qf3 Qc7 17. Rfd1 Rfd8 18. h3 Be7 19. Rb3 Bf8 20. Rdb1
Rab8 21. Qg3 Rxb3 22. axb3 f5 23. Bg5 Re8 24. Bd2 Bd6 25. Qg5 e4 26. Bf1 Bc5
27. Bc3 Qe7 28. Qf4 Bc8 29. Rd1 e3 30. Kh1 e2 31. Bxe2 Qxe2 32. Re1 Qxe1+
33. Bxe1 Rxe1+ 34. Kh2 Re8 35. Qc7 Bxf2 36. Qxc6 Rf8 37. Qd5+ Kh8 38. c5 f4
39. c6 Bg3+ 40. Kg1 h6 41. Qe4 Rd8 42. Qe2 Bf5 43. Kf1 Bg6 44. Qc4 Re8 45.
Qe2 Rxe2 46. Kxe2 Bf5 47. c7 Kg8 48. Kf3 Kf7 49. c4 Ke7 50. b4 Kd7 51. b5
Kxc7 52. c5 Bd3 53. b6+ axb6 54. cxb6+ Kxb6 55. Kg4 Be2+ 56. Kf5 Bf1 57. Kg6
Bxg2 58. Kxg7 Bxh3 59. Kxh6 f3 {White resigns} 0-1

[Event "ICCopen2017"]
[Site "Internet Chess Club"]
[Date "2017.03.19"]
[Round "9"]
[White "BotanicalKnight"]
[Black "doug50"]
[Result "1-0"]
[ICCResult "Black forfeits on time"]
[WhiteElo "1527"]
[BlackElo "1242"]
[Opening "Caro-Kann defense"]
[ECO "B10"]
[NIC "CK.01"]
[Time "20:49:42"]
[TimeControl "180+0"]

1. e4 c6 2. f4 d5 3. e5 Bf5 4. d3 e6 5. g3 Nd7 6. Nf3 Be7 7. Bg2 h5 8. Nc3
Nh6 9. Bd2 Bg4 10. h3 Bxf3 11. Qxf3 Nf5 12. Qf2 g6 13. a3 Nb6 14. O-O-O Qc7
15. Bf3 O-O-O 16. Rdg1 Rhg8 17. g4 hxg4 18. hxg4 Ng7 19. Rh7 Rdf8 20. Rgh1
Ne8 21. Be3 c5 22. Ne2 d4 23. Bd2 Qd7 24. Ng3 Nd5 25. Ne4 b6 26. R1h6 Nec7
27. Qh2 Nb5 28. Rh8 Rxh8 29. Rxh8 Rxh8 30. Qxh8+ Bd8 31. Qg7 Nbc7 32. Nd6+
Kb8 33. Qxf7 Ne7 34. f5 exf5 35. gxf5 gxf5 36. Bd1 Qe6 37. Qxe6 Nxe6 38. Nf7
Bc7 39. Bf3 Ng6 40. Bd5 {Black forfeits on time} 1-0

[Event "ICCopen2017"]
[Site "Internet Chess Club"]
[Date "2017.03.19"]
[Round "9"]
[White "javi"]
[Black "VrloJakMK"]
[Result "1-0"]
[ICCResult "Black checkmated"]
[WhiteElo "1694"]
[BlackElo "2027"]
[Opening "French: Winawer, advance, poisoned pawn, Konstantinopolsky variation"]
[ECO "C18"]
[NIC "FR.11"]
[Time "20:49:21"]
[TimeControl "180+0"]

1. e4 e6 2. d4 d5 3. Nc3 Bb4 4. e5 c5 5. a3 Bxc3+ 6. bxc3 Ne7 7. Qg4 Qc7 8.
Qxg7 Rg8 9. Qxh7 cxd4 10. Ne2 Nbc6 11. f4 dxc3 12. h4 Bd7 13. h5 d4 14. Rb1
b6 15. Qd3 Nf5 16. Rg1 O-O-O 17. g4 Nh6 18. g5 Nf5 19. Bh3 Nce7 20. h6 Bc6
21. Ng3 Nh4 22. Ne4 Qb7 23. Nd6+ Rxd6 24. exd6 Nef5 25. Bxf5 Nxf5 26. Kf2
Kb8 27. a4 Be4 28. Qe2 Nxd6 29. Ba3 Nf5 30. a5 Bc6 31. axb6 axb6 32. Bc5 b5
33. Qe5+ Kc8 34. Ra1 Qc7 35. Qxc7+ Kxc7 36. Ra7+ Bb7 37. Rd1 Kb8 38. Ra5 Bc6
39. Bxd4 Kb7 40. Be5 Kb6 41. Raa1 f6 42. Bxf6 Be4 43. h7 Rc8 44. h8=Q Rxh8
45. Bxh8 Bxc2 46. Rdc1 Be4 47. Rxc3 Bd5 48. Rcc1 b4 49. Be5 b3 50. Rab1 Kb5
51. Rc3 Kb4 52. Rb2 Ka3 53. Rb1 Ka2 54. Rd1 b2 55. Rd2 Be4 56. Rc5 Kb3 57.
Rxb2+ Ka4 58. Rc7 Ka3 59. Ra7# {Black checkmated} 1-0

[Event "ICCopen2017"]
[Site "Internet Chess Club"]
[Date "2017.03.19"]
[Round "9"]
[White "lmenezes"]
[Black "Littlejack1"]
[Result "1-0"]
[ICCResult "Black forfeits on time"]
[WhiteElo "1569"]
[BlackElo "1320"]
[Opening "Trompowsky attack (Ruth, Opocenský opening)"]
[ECO "A45"]
[NIC "QP.07"]
[Time "20:50:17"]
[TimeControl "180+0"]

1. d4 Nf6 2. Bg5 d5 3. Bxf6 exf6 4. e3 Nc6 5. c4 Be6 6. c5 Be7 7. Na3 O-O 8.
Qd2 b6 9. b4 a5 10. b5 Na7 11. Rc1 bxc5 12. dxc5 Rb8 13. Nf3 Qd7 14. Nd4 Nc8
15. Qxa5 f5 16. Nc6 Rb7 17. Nd4 Qd8 18. Nc6 Qd7 19. Nxe7+ Nxe7 20. c6
{Black forfeits on time}
1-0

[Event "ICCopen2017"]
[Site "Internet Chess Club"]
[Date "2017.03.19"]
[Round "9"]
[White "notetengomiedo"]
[Black "Ricardov"]
[Result "1-0"]
[ICCResult "Black forfeits on time"]
[WhiteElo "1755"]
[BlackElo "2215"]
[Opening "Ruy Lopez: Wormald (Alapin) attack"]
[ECO "C77"]
[NIC "RL.12"]
[Time "20:49:12"]
[TimeControl "180+0"]

1. e4 e5 2. Nf3 Nc6 3. Bb5 a6 4. Ba4 Nf6 5. Qe2 b5 6. Bb3 Be7 7. c3 O-O 8.
d3 d5 9. Nbd2 d4 10. Nf1 dxc3 11. bxc3 b4 12. Bb2 bxc3 13. Bxc3 Bg4 14. h3
Nd4 15. Bxd4 Bxf3 16. Qxf3 Qxd4 17. Rd1 a5 18. Ng3 Bb4+ 19. Kf1 a4 20. Bc4
Nd7 21. Nf5 Qb6 22. g4 Qf6 23. Kg2 Nb6 24. Ne3 Qxf3+ 25. Kxf3 Bc5 26. Nd5
Nxd5 27. Bxd5 Rab8 28. Rb1 Rfd8 29. Ke2 Kf8 30. f3 Ke7 31. Kd2 Bd4 32. Kc2
f6 33. Bc6 a3 34. Bd5 Bb2 35. Bb3 Rd6 36. Kd2 Rc6 37. Ke3 Rxb3 38. axb3 Rc2
39. Rxb2 Rxb2 40. Ra1 Rxb3 41. Ra2 c5 42. Ra1 Kd6 43. Kd2 c4 44. Kc2 Kc5 45.
dxc4 Rxf3 46. Rh1 Kxc4 47. Kb1 Rf2 48. Ka1 Kb3 49. Rb1+ Rb2 50. Rd1 Re2 51.
Rd3+ Kc4 52. Rxa3 Rxe4 53. Ra4+ Kd3 54. Ra7 h5 55. Rxg7 hxg4 56. hxg4 Rf4
57. Rg6 e4 58. g5 fxg5 59. Rxg5 e3 60. Re5 Ke2 61. Kb2 Rf1 62. Kc3 Rd1 63.
Re8 Rd8 64. Re7 Rd7 65. Re6 Kf1 66. Rxe3 Rc7+ 67. Kd4 {Black forfeits on
time} 1-0

[Event "ICCopen2017"]
[Site "Internet Chess Club"]
[Date "2017.03.19"]
[Round "9"]
[White "LiangLiang"]
[Black "zoujun1966"]
[Result "0-1"]
[ICCResult "White forfeits on time"]
[WhiteElo "1773"]
[BlackElo "1633"]
[Opening "Sicilian"]
[ECO "B56"]
[NIC "SI.25"]
[Time "20:49:25"]
[TimeControl "180+0"]

1. e4 c5 2. Nf3 d6 3. d4 cxd4 4. Nxd4 Nf6 5. Nc3 Nc6 6. Be3 e6 7. f3 Be7 8.
Qd2 O-O 9. O-O-O Nxd4 10. Bxd4 a6 11. g4 b5 12. h4 Bb7 13. Ne2 Rc8 14. Ng3
Nd7 15. g5 Ne5 16. Bxe5 dxe5 17. Bd3 b4 18. Rdg1 a5 19. Ne2 a4 20. Kb1 a3
21. b3 Bc5 22. Rg2 Bd4 23. h5 Qb6 24. g6 Be3 25. Qe1 fxg6 26. hxg6 h6 27.
Qg3 Bf4 28. Qh3 Be3 29. Bc4 Rxc4 30. bxc4 Rc8 31. Rd1 Ba6 32. Nc1 Bxc4 33.
Nb3 Bxb3 34. cxb3 Bd4 35. Rc2 Rxc2 36. Kxc2 Qc6+ 37. Kb1 Qe8 38. Rc1 Qxg6
39. Rc8+ Kh7 40. Qg4 Qf6 41. Re8 Qf7 42. Rxe6 Qf8 43. Qf5+ Qxf5 44. exf5 h5
45. f6 gxf6 46. Rxf6 h4 47. Rf5 Kg6 48. Rf8 h3 49. Rh8 Kg5 50. Rxh3 Kf4 51.
Rh7 Kxf3 52. Rf7+ Ke3 {White forfeits on time} 0-1

[Event "ICCopen2017"]
[Site "Internet Chess Club"]
[Date "2017.03.19"]
[Round "9"]
[White "Federicov"]
[Black "KRASAVCHIK"]
[Result "0-1"]
[ICCResult "White resigns"]
[WhiteElo "3081"]
[BlackElo "3327"]
[Opening "Giuoco Piano"]
[ECO "C54"]
[NIC "IG.02"]
[Time "20:50:00"]
[TimeControl "180+0"]

1. e4 e5 2. Nf3 Nc6 3. Bc4 Bc5 4. c3 Nf6 5. d3 d6 6. O-O h6 7. Nbd2 O-O 8.
Bb3 Be6 9. h3 Re8 10. Re1 d5 11. Bc2 Qd7 12. b4 Bd6 13. b5 Ne7 14. d4 Ng6
15. exd5 Bxh3 16. gxh3 Qxh3 17. Nf1 e4 18. Bxe4 Rxe4 19. Rxe4 Nxe4 20. N3h2
Qxc3 21. Be3 Re8 22. Rc1 Qa3 23. Qh5 Qxa2 24. Ng4 Qb3 25. Bxh6 Bf4 26. Bxg7
Kxg7 27. Rxc7 Bxc7 28. Qh6+ Kg8 29. Nge3 Bf4 30. Qh5 Nxf2 31. Ng4 Nxg4 32.
Qxg4 Qxd5 33. Qd1 Qg5+ 34. Kh1 Qh4+ {White resigns} 0-1